 Dungeon Crawl Stone Soup version 0.32-a0-132-g2d33c3cfaf (webtiles) character file.

Game seed: 6387340453356137045

342 SmokeWeed the Slasher (level 6, 0/50 (53) HPs)
             Began as a Minotaur Fighter on Feb 10, 2024.
             Slain by a wight
             ... wielding a +4 trident
              (5 damage)
             ... on level 4 of the Dungeon.
             The game lasted 00:04:51 (1800 turns).

SmokeWeed the Slasher (Minotaur Fighter)            Turns: 1800, Time: 00:04:53

HP:   0/50 (53)     AC: 14    Str: 23    XL:     6   Next: 30%
MP:   5/5           EV:  6    Int:  5    God:
Gold: 173           SH:  4    Dex:  9    Spells: 5/5 levels left

rFire   . . .        a - +0 long sword (protect)
rCold   . . .        c - +0 buckler
rNeg    . . .        f - +0 plate armour
rPois   .            (helmet restricted)
rElec   .            (no cloak)
rCorr   .            g - +1 pair of gloves
SInv    +            (no boots)
Will    .....        (no amulet) Stlth
                     q - ring of see invisible
HPRegen 0.28/turn    (no ring)
MPRegen 0.09/turn

%: no passive effects
@: drained
A: horns 2, retaliatory headbutt
a: no special abilities


You were on level 4 of the Dungeon.
You visited 1 branch of the dungeon, and saw 4 of its levels.

You collected 173 gold pieces.

Inventory:

Hand Weapons
 a - a +0 long sword of protection (weapon)
Missiles
 k - 3 curare-tipped darts
 m - 3 poisoned darts
 n - 5 boomerangs (quivered)
Armour
 c - a +0 buckler (worn)
 f - a +0 plate armour (worn)
 g - a +1 pair of gloves (worn)
Jewellery
 q - a ring of see invisible (left hand)
Scrolls
 i - a scroll of fog
 p - 2 scrolls of noise
Potions
 b - 2 potions of enlightenment
 d - a potion of might
 e - 2 potions of lignification
 h - 2 potions of invisibility
 j - a potion of haste {unknown}
 l - a potion of attraction {unknown}
 o - a potion of magic {unknown}


   Skills:
 + Level 4.5 Fighting
 + Level 5.5 Long Blades
 + Level 0.1 Throwing
 + Level 5.3 Armour
 + Level 0.1 Dodging
 + Level 4.9 Shields


You had 5 spell levels left.
You didn't know any spells.
Your spell library contained the following spells:

 Spells                   Type           Power      Damage    Failure   Level
 Magic Dart               Conj           0%         1d3       100%        1
 Lesser Beckoning         Tloc           0%         N/A       100%        2
 Searing Ray              Conj           0%         2d4       100%        2
 Gell's Gravitas          Tloc           0%         N/A       100%        3
 Teleport Other           Tloc           0%         N/A       100%        3
 Fulminant Prism          Conj/Alch      0%         3d5       100%        4


Dungeon Overview and Level Annotations

Branches:
Dungeon (4/15)
 Temple: D:4-7

Altars:
Fedhas
Zin

Shops:
D:2 :   D:3 *

Annotations:
D:3 Dittersdorf's ghost, amateur GrFi


Innate Abilities, Weirdness & Mutations

You have a pair of horns on your head.
You reflexively headbutt those who attack you in melee.


Message History

The wight hits you with a +0 morningstar!
You feel drained. The wight hits you but does no damage.
The wight barely misses you.
You hit the wight.
You destroy the wight!
The wight barely misses you. The wight hits you but does no damage.
Your life force feels restored.
Your Long Blades skill increases to level 5!
You have reached level 6!
You hit the wight but do no damage.
You headbutt the wight, but do no damage.
The wight hits you but does no damage. The wight barely misses you.
You furiously retaliate!
You headbutt the wight. You hit the wight. You headbutt the wight!
The wight is almost destroyed.
The wight hits you from afar with a +4 trident!
You feel drained. The wight hits you but does no damage.
You closely miss the wight.
The wight is almost destroyed.
The wight hits you from afar with a +4 trident.
You feel drained. The wight hits you but does no damage.
Unknown command.
You closely miss the wight. You headbutt the wight.
You destroy the wight!
The wight hits you from afar with a +4 trident.
Your life force feels restored.
A wight comes into view. It is wielding a +2 long sword.
The wight hits you with a +4 trident.
Things that are here:
a +0 mace; a +0 robe You are too injured to fight recklessly!
Found a stone staircase leading down.
The wight hits you with a +4 trident.
You feel drained.
You closely miss the wight. Your headbutt misses the wight.
The wight hits you with a +4 trident!
* * * LOW HITPOINT WARNING * * *
You feel drained.
* * * LOW HITPOINT WARNING * * *
The wight hits you with a +4 trident.
You die...

# ##### ##.##
##########...... .....#
.........#.# #.###...>..
...##<#.#..###.#...z....
..............)#z#......
...)†.#.#..##..)@..#
.........#.##.##.###
........##.##.##.#
......#.##.##.##.#
~~...##.##.##.##.#
≈≈~~....##.#.#.#.####.#
≈≈≈~~...##..###......
≈~≈≈≈~..####.#.#..#
>P≈~≈~............#


You could see 2 wights.

Vanquished Creatures
  An ogre (D:4)
  2 wights (D:4)
  A hound (D:4)
  A jelly (D:4)
  Jessica (D:2)
  2 adders
  2 dart slugs (D:1)
  An orc (D:4)
  5 endoplasms
  A giant cockroach (D:4)
  5 goblins
  4 hobgoblins
  6 jackals (D:4)
  6 kobolds
  3 quokkas
  2 ball pythons
  A bat (D:1)
  4 frilled lizards
  4 rats
52 creatures vanquished.

Notes
Turn   | Place    | Note
-------+----------+-------------------------------------------
     0 | D:1      | SmokeWeed the Minotaur Fighter began the quest for the Orb.
     0 | D:1      | Reached XP level 1. HP: 19/19 MP: 0/0
   113 | D:1      | Reached XP level 2. HP: 27/27 MP: 1/1
   641 | D:1      | Reached XP level 3. HP: 33/33 MP: 2/2
   805 | D:2      | Noticed Jessica
   819 | D:2      | Killed Jessica
   824 | D:2      | Found Vavvun's Book Shop.
   877 | D:2      | Reached XP level 4. HP: 24/40 MP: 3/3
  1154 | D:3      | Found Zin's Purification Station.
  1157 | D:3      | Found a glowing silver altar of Zin.
  1208 | D:3      | Noticed Dittersdorf's ghost (amateur GrFi)
  1217 | D:3      | You fall into a shaft and drop 1 floor!
  1281 | D:4      | Noticed an ogre
  1298 | D:4      | Killed an ogre
  1299 | D:4      | Reached XP level 5. HP: 42/47 MP: 4/4
  1322 | D:4      | Found a blossoming altar of Fedhas.
  1352 | D:4      | Reached skill level 5 in Armour
  1794 | D:4      | Reached skill level 5 in Long Blades
  1794 | D:4      | Reached XP level 6. HP: 34/53 MP: 5/5
  1800 | D:4      | Slain by a wight

Illustrated notes

Levels and vault maps discovered:
D:1:      minmay_arrival_open_corners, layout_loops_ring, minmay_cut_off
D:2:      layout_rooms, serial_shops, nicolae_shop_tiny_waterfront, uniq_jessica
D:3:      layout_basic, lemuel_crystal_altar, zin_purify,
          hellmonk_ecumenical_altar_crossroads, gammafunk_ghost_arena,
          uniq_ijyb, uniq_sigmund
D:4:      layout_loops_ring, fedhas_ov_isle_minmay

Skill      XL: |  1  2  3  4  5 |
---------------+----------------+-----
Fighting       | 4 |  4.5
Armour         | 4 5 |  5.3
Shields        | 4 |  4.9
Long Blades    | 3 4 5 |  5.5
Throwing       | |  0.1
Dodging        | |  0.1

Action                     |  1- 3 |  4- 6 || total
---------------------------+-------+-------++-------
  Melee: Long sword        |    85 |    76 ||   161
         Headbutt          |     6 |    10 ||    16
  Throw: Boomerang         |       |     7 ||     7
    Use: Scroll            |     4 |     7 ||    11
 Armour: Plate armour      |    76 |    79 ||   155
  Dodge: Dodged            |    23 |    35 ||    58
  Block: Buckler           |    16 |    22 ||    38

Table legend: (Time is in decaauts)
 A = Elapsed time spent in this place.
 B = Non-inter-level travel time spent in this place.
 C = Inter-level travel time spent in this place.
 D = Time resting spent in this place.
 E = Time spent auto-exploring this place.
 F = Levels seen in this place.
 G = Mean time per level.
                   A        B        C        D        E       F      G
               +--------+--------+--------+--------+--------+-----+--------+
         Total |   1841 |   1818 |     23 |      0 |   1206 |   4 |  460.2 |
       Dungeon |   1841 |   1818 |     23 |      0 |   1206 |   4 |  460.2 |
               +--------+--------+--------+--------+--------+-----+--------+

Top non-repeatable levels by time:
     D:1: 760 daAuts
     D:4: 598 daAuts
     D:2: 405 daAuts
     D:3: 77 daAuts
